[Event "Benidorm Open-B 2022"]
[Site "Benidorm"]
[Date "2022.12.06"]
[Round "4.1"]
[White "Mallevaey, Guillaume"]
[Black "Palao, Adriana"]
[Result "1/2-1/2"]
[ECO "A23"]
[WhiteElo "1761"]
[BlackElo "1972"]
[Annotator "TA"]
[PlyCount "96"]
[EventDate "2022.12.03"]
[EventType "swiss"]
[EventCountry "ESP"]
[SourceTitle "playchess.com"]
[Source "ChessBase"]
[SourceQuality "1"]
[TimeControl "5400+30"]

1. c4 Nf6 2. g3 e5 3. Nc3 c6 4. e4 d5 5. d3 Bc5 {[#]} (5... dxe4 $17 {...Bf5 is the strong threat.} 6. Nxe4 Na6) 6. Qe2 $146 {A23: English Opening: 1...e5 2 Nc3 Nf6 3 g3 c6.} ({Predecessor:} 6. exd5 cxd5 7. Bg2 dxc4 8. Qa4+ Bd7 9. Qxc4 Qb6 10. Nd1 O-O 11. Be3 Bxe3 12. fxe3 {0-1 (25) Kalivoda,J (2195)-Chlevistan,J (2142) Czech Republic 2014}) 6... d4 7. Nd1 Bb4+ 8. Bd2 {Black is better.} Bxd2+ 9. Qxd2 h6 10. Bg2 Nbd7 11. f4 Qe7 12. Nf3 c5 13. Nf2 Rb8 14. a4 b6 15. Rb1 a5 16. fxe5 (16. O-O $11) 16... Nxe5 $15 17. Nxe5 Qxe5 18. Qf4 {Against g5} Qxf4 19. gxf4 Nh5 20. f5 Bd7 21. b3 Nf4 22. Bf3 g6 23. f6 g5 ({Black should try} 23... Be6 $17) 24. h4 g4 25. Bxg4 (25. Nxg4 $15 Bxg4 26. Bxg4) 25... Bxg4 ({Don't play} 25... Nxd3+ $6 26. Nxd3 Bxg4 27. Ne5 $11) 26. Nxg4 Nxd3+ 27. Ke2 Nf4+ (27... h5 $5 ) 28. Kf3 Ng6 29. h5 Nf8 30. Rhg1 Ne6 31. Rg3 Ng5+ 32. Kf4 Kd7 (32... Ne6+ $11 33. Kf3 Ng5+ 34. Kf4 Ne6+ 35. Kf3) 33. Kf5 $14 Rbe8 $1 34. e5 Ne6 {aiming for ...Reg8.} 35. Rbg1 Reg8 {White must now prevent ...Rg5+.} 36. Nf2 Rg5+ (36... Rxg3 $14 37. Rxg3 Rd8) 37. Rxg5 $16 {White is more active.} Nxg5 {[%mdl 4096] Endgame [#] KRN-KRN} 38. Nd3 (38. Rg3 $1 $16) 38... Re8 39. Rg3 Ne6 40. Nf2 Ng5 $2 (40... Rd8 $14) 41. Ng4 $18 Rh8 {[#]} 42. Nxh6 $1 Rxh6 (42... Ne6 43. Nxf7) 43. Kxg5 {KR-KR} Rh8 44. Rh3 Ke6 45. Kf4 Rd8 46. Rd3 Rh8 47. Rh3 Rd8 $1 {[#]} 48. Rd3 $2 ({White has to play} 48. Ke4 $1 $18 {Strongly threatening h6.} Rh8 49. h6) 48... Rh8 {Weighted Error Value: White=0.39/Black=0.21 (precise)} 1/2-1/2

[Event "Benidorm Open-B 2022"]
[Site "Benidorm"]
[Date "2022.12.06"]
[Round "4.2"]
[White "Swapna C N"]
[Black "Saber, Anas"]
[Result "1/2-1/2"]
[ECO "D03"]
[WhiteElo "1481"]
[BlackElo "1920"]
[Annotator "TA"]
[PlyCount "62"]
[EventDate "2022.12.03"]
[EventType "swiss"]
[EventCountry "ESP"]
[SourceTitle "playchess.com"]
[Source "ChessBase"]
[SourceQuality "1"]
[TimeControl "5400+30"]

1. d4 d5 2. Nf3 Nf6 3. Bg5 c6 4. c3 Bf5 5. Nh4 Bxb1 6. Rxb1 {D02: 1 d4 d5 2 Nf3 sidelines, including 2...Nf6 3 g3 and 2...Nf6 3 Bf4.} Ne4 7. Be3 e6 {[#]} 8. Nf3 $146 {The position is equal.} ({Predecessor:} 8. g3 Be7 9. Nf3 Nd7 10. Bg2 h5 11. Nd2 Nd6 12. f3 h4 13. Bf2 Qc7 14. e4 {0-1 (36) Le Duin,T (2100)-Lacroix,S (1998) Montreal 2007}) 8... Bd6 9. Qc1 Nd7 10. Bf4 Be7 11. e3 (11. h4 $11 {remains equal.}) 11... g5 $1 $17 12. Bg3 h5 $1 13. h3 Nxg3 14. fxg3 Qc7 15. Kf2 O-O-O (15... h4 16. g4 $17) 16. b4 g4 17. Ne1 h4 18. Ke2 Nf6 {Strongly threatening ...Ne4.} 19. hxg4 Ne4 (19... Nxg4 $2 {perishes.} 20. Nf3 $19) (19... hxg3 $2 {too greedy.} 20. Rxh8 Rxh8 21. Kd3 $19) 20. Rh3 hxg3 (20... Nxg3+ $142 21. Kf2 Ne4+ 22. Ke2 Ng5) 21. Rxh8 $19 Rxh8 22. Nf3 Rh1 23. Qc2 f6 (23... Kb8 $19 {And now ...Qd8 would win.} 24. Kd3 Qd8) 24. c4 (24. Nd2 $17) 24... Kb8 25. c5 (25. cxd5 $17 exd5 26. Nd2) 25... Qd7 26. a4 (26. Nd2 $17 {was called for.} f5 27. gxf5 exf5 28. Nxe4 fxe4 29. Qd1) 26... a6 $2 (26... e5 $19 27. Re1 Bd8) 27. Kd3 $2 (27. Nd2 $15) 27... Bf8 $2 ({Black should try} 27... Bd8 $19 28. Qa2 a5) 28. b5 {Inhibits e5.} ({White should play} 28. Nd2 $1 $15) 28... axb5 29. axb5 cxb5 30. Nd2 {[#] Against b4} Nf2+ (30... e5 $1 $17 {[%cal Re5d4] ...exd4 is the strong threat.} 31. Nxe4 dxe4+ 32. Kc3 exd4+ 33. exd4 b4+ 34. Kc4 {[#]} Rxf1 $1 35. Rxf1 Qe6+ 36. Kxb4 Qb6+ 37. Ka4 (37. Kc3 $2 Qa5+ 38. Kc4 Qa6+ 39. Kb4 Qxf1 $19) 37... Qa6+ 38. Kb4 Qxf1 39. Qxe4 Ka7) 31. Kc3 $15 Qc7 {Weighted Error Value: White=0.43/Black=0.41} (31... e5 $15 {was preferrable.} 32. Bxb5 Qd8) 1/2-1/2

[Event "Benidorm Open-B 2022"]
[Site "Benidorm"]
[Date "2022.12.06"]
[Round "4.3"]
[White "Martin Martin, Luis Vicente"]
[Black "Saez Gabikagogeaskoa, Oscar"]
[Result "1-0"]
[ECO "A45"]
[WhiteElo "1907"]
[BlackElo "1941"]
[Annotator "TA"]
[PlyCount "109"]
[EventDate "2022.12.03"]
[EventType "swiss"]
[EventCountry "ESP"]
[SourceTitle "playchess.com"]
[Source "ChessBase"]
[SourceQuality "1"]
[TimeControl "5400+30"]

1. d4 Nf6 2. Bf4 d5 3. e3 e6 4. Nf3 Bd6 5. c3 O-O 6. Bd3 c5 7. Ne5 Qc7 {D02: 1 d4 d5 2 Nf3 sidelines, including 2...Nf6 3 g3 and 2...Nf6 3 Bf4.} 8. Bg3 Nc6 9. f4 Ne7 {Black is slightly better.} (9... Ne4 {seems wilder.} 10. Nd2 Nxd2 11. Qxd2 c4) 10. Nd2 c4 11. Bc2 b5 12. a3 Bb7 13. Qf3 {[#] Prevents Ne4.} a5 $146 ({Predecessor:} 13... Nf5 14. Bf2 Be7 15. Ng4 Ne8 16. Qh3 Ned6 17. Ne5 Ne4 18. g4 Nfd6 19. g5 a5 {0-1 (42) Jaiswal,R (2165)-Doluweera,M (2171) Batumi 2018}) 14. Bh4 Ne8 15. Qh3 (15. Qh5 g6 16. Qe2 f6 $15) 15... g6 16. Ng4 (16. Ndf3 $11) 16... Nf5 $15 17. Nf6+ Nxf6 (17... Kg7 $1 $15 18. g4 Nxh4 19. Nxe8+ Rfxe8 20. Qxh4 Rh8) 18. Bxf6 $11 {Bxf5 is the strong threat.} Be7 (18... Ng7 {simplifies} 19. O-O Be7 20. Bxe7 Qxe7 21. e4 dxe4 22. Nxe4 Bxe4 23. Bxe4 Rab8) 19. Be5 Qd8 {And now ...f6 would win.} 20. g4 $1 {Inhibits f6.} Nd6 (20... f6 $11) 21. Qh6 {White has more active pieces.} (21. g5 $6 Re8 $11) (21. f5 $1 $16) 21... Bf6 $4 (21... f6 $1 $11 {and Black has nothing to worry.} 22. Bxg6 hxg6 23. Qxg6+ Kh8) 22. g5 $2 (22. Nf3 $18 {Threatening mate with Ng5.} Bxe5 23. fxe5) 22... Bxe5 $14 23. fxe5 $40 {[%mdl 128] Black needs to defend precisely.} Nf5 24. Bxf5 exf5 25. h4 Qe7 (25... b4 $11 {remains equal.}) 26. h5 $16 b4 27. Ke2 (27. Nf3 $16) 27... Ra6 (27... bxc3 $11 28. bxc3 Rfb8) 28. Rh2 $14 bxc3 29. bxc3 Rd8 $2 (29... Bc8 $1 $11 {and Black stays safe.}) 30. Rah1 $1 $18 Rd7 31. Ra1 $2 ({Only move:} 31. Nf3 $1 $18 {[%cal Oh6h7] White threatens Qxh7+! and mate.} f4 32. hxg6 (32. exf4 Rc7 $16) 32... fxg6 33. exf4) 31... Rb6 32. Ra2 (32. Kf3 $11) 32... Qe6 33. Rh1 f4 (33... Bc6 $17) 34. hxg6 (34. Rh4 $11) 34... fxg6 (34... Qg4+ $15 35. Kf1 fxg6) 35. Qh3 $1 $11 {Chess con chili.} Qxh3 36. Rxh3 fxe3 37. Kxe3 Rf7 38. Rf3 Bc8 (38... Rxf3+ {simplifies} 39. Kxf3 Bc6 40. a4 Kf7) 39. Ra1 (39. Rf6 $11 {keeps the balance.} Rfxf6 40. exf6 (40. gxf6 g5 $11)) 39... Bf5 40. Nxc4 $2 dxc4 $19 41. d5 Rb3 (41... Re7 $142 42. Kd4 Rb2) 42. Kd4 {[#]} Bd3 $4 (42... Rb2 $1 $19 {[%cal Rb2d2] avoids the disaster. Threatens to win with ...Rd2+.} 43. Rd1 Rd7) 43. Rxf7 $18 Kxf7 {[%mdl 4096] Endgame [#] KRB-KR} 44. Rh1 (44. e6+ $1 $18 {and the rest is easy.} Ke8 45. Rh1) 44... Kg8 (44... Kg7 $16 {was necessary.}) 45. e6 {[%mdl 1024] Strongly threatening d6. White has strong compensation.} Rb8 $2 (45... Rb2 46. d6 Rd2) 46. d6 Bf5 47. Ke5 {Hoping for d7.} (47. Kxc4 $2 {is the wrong capture.} Bxe6+ 48. Kc5 Rc8+ 49. Kd4 Rc4+ 50. Ke5 Bd7 $19) 47... Rb5+ 48. Kf6 Rd5 49. d7 Rd6 50. Re1 {White mates.} Rd3 51. Re5 a4 52. Rb5 h5 53. Rb8+ Kh7 54. d8=Q ({Not} 54. d8=B Rd6 $18) 54... Rxd8 55. Rxd8 {What a fight!   Weighted Error Value: White=0.54/Black=0.80} 1-0

[Event "Benidorm Open-B 2022"]
[Site "Benidorm"]
[Date "2022.12.06"]
[Round "4.4"]
[White "Goktepe, Derin"]
[Black "Sai Hrushikesh Simhdri"]
[Result "1-0"]
[ECO "E17"]
[WhiteElo "1828"]
[BlackElo "1460"]
[Annotator "NA RC COMBH"]
[PlyCount "121"]
[EventDate "2022.12.03"]
[EventType "swiss"]
[EventCountry "ESP"]
[SourceTitle "playchess.com"]
[Source "ChessBase"]
[SourceQuality "1"]
[TimeControl "5400+30"]

1. d4 Nf6 2. c4 e6 3. Nf3 b6 4. g3 Bb7 5. Bg2 Be7 6. O-O O-O 7. Qc2 c5 8. Nc3 Nc6 9. Rd1 Rc8 10. b3 d5 11. dxc5 bxc5 12. cxd5 exd5 13. Bh3 Ra8 14. a3 Re8 15. Bb2 d4 16. Na4 Na5 17. Nd2 Qd5 18. f3 Ba6 19. Bf1 Qc6 20. Rac1 Rac8 21. Bh3 Bxe2 22. Bxc8 Bxd1 23. Qxd1 Rxc8 24. Bxd4 Qd5 25. Be3 Nb7 26. Qc2 Qe6 27. Bf2 c4 28. Nxc4 Bxa3 29. Re1 Qd5 30. Qd1 Bb4 31. Qxd5 Nxd5 32. Rd1 Nf6 33. Bxa7 h6 34. Kf2 Kf8 35. Rd3 Ra8 36. Be3 Ke7 37. Bd4 Ne8 38. Bc3 Bxc3 39. Rxc3 Ned6 40. Ncb6 Rd8 41. Rc7+ Ke6 42. b4 Rb8 43. Rc6 Ke7 44. Nc5 Nxc5 45. bxc5 Nb5 46. Nd5+ Kd7 47. Ra6 Rd8 48. Rb6 Ke8 49. Nb4 Nc3 50. c6 Rc8 51. Rb7 Na4 52. Ke3 Nc5 53. Ra7 Ne6 54. Ke4 Rb8 55. Nd5 Rc8 56. c7 f6 57. f4 Kf7 58. Kd3 Nc5+ 59. Kc4 Nd7 60. Kb5 Ne5 61. Nb6 1-0

[Event "Benidorm Open-B 2022"]
[Site "Benidorm"]
[Date "2022.12.06"]
[Round "4.5"]
[White "Selva Salvador, Antonio"]
[Black "Rios Garcia, Miguel"]
[Result "1/2-1/2"]
[ECO "C10"]
[WhiteElo "1954"]
[BlackElo "1829"]
[Annotator "TA"]
[PlyCount "43"]
[EventDate "2022.12.03"]
[EventType "swiss"]
[EventCountry "ESP"]
[SourceTitle "playchess.com"]
[Source "ChessBase"]
[SourceQuality "1"]
[TimeControl "5400+30"]

1. d4 e6 2. Nc3 d5 3. e4 dxe4 4. Nxe4 Be7 5. Nf3 Nf6 6. Nxf6+ Bxf6 7. c3 O-O 8. Bd3 Nd7 9. h4 {[%cal Od3h7] White is more active. C10: French with 3 Nc3: Unusual Black 3rd moves and 3...dxe4.} e5 {[#]} (9... Re8 $14) 10. Bxh7+ $1 $18 {[%mdl 512] [#]} Kxh7 $146 ({Predecessor:} 10... Kh8 11. Ng5 g6 12. Bxg6 fxg6 13. h5 Bxg5 14. hxg6+ Kg7 15. Rh7+ Kg8 16. Qb3+ {1-0 (16) Timmermans,M (2352)-Smeets,P (2082) Vlissingen 2015}) 11. Ng5+ $1 {White is clearly better.} Kg8 {Threatens to win with ...Nb6.} 12. Qh5 Re8 13. Qxf7+ Kh8 {[#]} 14. Qh5+ $1 Kg8 {[#]} 15. Qf7+ ({White has to play} 15. Qh7+ $1 $16 Kf8 16. O-O) 15... Kh8 $11 {The position is equal.} 16. Qg6 exd4+ 17. Be3 Nf8 {Inhibits Qh7+.} 18. Qh5+ Kg8 19. Qf7+ Kh8 20. Qh5+ Kg8 21. Qf7+ Kh8 {Hoping for ...Qe7.} 22. Qh5+ {Blacks defense is rewarded with a draw.   Weighted Error Value: White=0.11 (very precise) /Black=0.19 (very precise)} 1/2-1/2

[Event "Benidorm Open-B 2022"]
[Site "Benidorm"]
[Date "2022.12.06"]
[Round "4.6"]
[White "Ionita, Emilian-Paul"]
[Black "Garcia Bueno, Juan Pablo"]
[Result "0-1"]
[ECO "B33"]
[WhiteElo "1919"]
[BlackElo "1788"]
[Annotator "TA"]
[PlyCount "74"]
[EventDate "2022.12.03"]
[EventType "swiss"]
[EventCountry "ESP"]
[SourceTitle "playchess.com"]
[Source "ChessBase"]
[SourceQuality "1"]
[TimeControl "5400+30"]

1. e4 c5 2. Nf3 Nc6 3. d4 cxd4 4. Nxd4 Nf6 5. Nc3 e5 6. Ndb5 d6 7. Bg5 a6 8. Bxf6 gxf6 9. Na3 b5 10. Nd5 Bg7 11. Bd3 Ne7 12. Nxe7 Qxe7 13. Qf3 {Prevents f5. B33: Sicilian: Pelikan and Sveshnikov Variations.} ({White should play} 13. c4 $14) 13... f5 (13... d5 $1 $15 14. Qg3 O-O) 14. O-O-O $2 {[%mdl 8192] [#]} (14. c4 $1 $11) 14... d5 $1 $19 {[#]} 15. Qg3 $146 {Black has a decisive advantage.} ({Predecessor:} 15. exf5 e4 16. Bxb5+ axb5 17. Qb3 b4 18. Qxd5 Bxb2+ 19. Kxb2 bxa3+ 20. Kc1 Rb8 21. Rhe1 {0-1 (29) Mallick,S (2012)-Gomes,M (2036) Kolkata 2002}) 15... Bh6+ 16. Kb1 fxe4 17. Be2 Bb7 (17... d4 $19 {Hoping for ...Be6.} 18. Ka1 Kf8) 18. c3 $17 Qg5 19. Nc2 Rd8 20. Nb4 (20. Bg4 $17) 20... O-O $19 {Threatens to win with ...d4.} 21. Qxg5+ (21. f3 $142) 21... Bxg5 22. h4 Bh6 23. g4 (23. a4 {was worth a try.}) 23... d4 {aiming for ...d3.} 24. Rhe1 d3 {Prevents g5.} 25. Bf1 a5 26. Nxd3 exd3 27. Bxd3 Bf3 {[%csl LRd1,LRg4] Inhibits g5.} 28. Be2 Bxe2 29. Rxd8 Rxd8 30. Rxe2 {[%mdl 4096] Endgame KRB-KR} Bf4 31. Kc2 f6 32. b3 Kf7 33. f3 Bg3 34. a4 (34. h5 $142) 34... bxa4 {Black is clearly winning.} 35. bxa4 Kg6 36. h5+ Kg5 {[#] And now ...Kf4 would win.} 37. Rg2 Kf4 {Weighted Error Value: White=0.88/Black=0.20 (precise)} 0-1

[Event "Benidorm Open-B 2022"]
[Site "Benidorm"]
[Date "2022.12.06"]
[Round "4.7"]
[White "Lopez Palomar, Jose"]
[Black "Tsiapko, Andrii"]
[Result "0-1"]
[ECO "D00"]
[WhiteElo "1913"]
[BlackElo "1619"]
[Annotator "TA"]
[PlyCount "80"]
[EventDate "2022.12.03"]
[EventType "swiss"]
[EventCountry "ESP"]
[SourceTitle "playchess.com"]
[Source "ChessBase"]
[SourceQuality "1"]
[TimeControl "5400+30"]

1. d4 d5 2. Bf4 Nf6 3. e3 c5 4. Nc3 cxd4 5. exd4 a6 6. Nf3 {B13: Caro-Kann: Exchange Variation and Panov-Botvinnik Attack.} Nc6 7. Ne5 Bf5 8. f3 {[#]} ({Better is} 8. g4 $14 Nxe5 9. dxe5 (9. gxf5 Nc6 $11) 9... Nxg4 10. f3 (10. Nxd5 $2 e6 $17)) 8... Qb6 $146 ({Predecessor:} 8... h5 9. Bd3 Bxd3 10. Qxd3 e6 11. O-O-O Nxe5 12. Bxe5 Bd6 13. h3 Bxe5 14. dxe5 Nd7 {0-1 (46) Schoene,F (1110)-Trushko,A Willingen 2022}) 9. Nxc6 bxc6 10. Na4 Qd8 11. c3 a5 12. g4 Bg6 13. Qb3 Ra7 14. Bb8 {[#]} (14. h4 $14 h5 15. g5) 14... Ra8 (14... Bc2 $1 $11 15. Qxc2 Qxb8) 15. Bg3 $14 {Hoping for h4.} Ra7 $1 16. h4 h5 17. g5 Nd7 18. Bh3 e6 19. O-O Be7 20. f4 O-O 21. f5 exf5 22. c4 (22. Rae1 {is interesting.} f6 23. Re6 Kh7 24. Rxc6 fxg5 25. hxg5 Bxg5 26. Qxd5 Be3+ 27. Bf2) 22... Nb8 (22... dxc4 $15 23. Qxc4 Nb6 24. Nxb6 Qxb6) 23. Bxf5 Bxf5 24. Rxf5 g6 25. Rf3 Bd6 26. c5 (26. Bf2 $11) 26... Bxg3 $17 27. Rxg3 Re7 {[%cal Ba7e7,Be7e4,Be4h4,Bh4d4,Bd4d2][%mdl 32] Prevents Re1. Strongly threatening ...Re4.} 28. Rf1 $2 {This costs White the game.} (28. Re3 $17) 28... Re4 $1 $19 29. Qd3 Rxh4 30. Rf6 Kg7 {...Nd7 is the strong threat.} 31. Nc3 Re8 {Inhibits Qe2. And now ...Nd7 would win.} 32. Qf3 $2 (32. Qf1 Qe7 33. Rgf3 Rg4+ 34. Kh2 Qc7+ 35. Kh3) 32... Qe7 {( -> ...Qe1+)} (32... Rxd4 33. Rxf7+ Kg8 34. Qf2 $15) 33. Kg2 Rxd4 {Chess con chili.} (33... Qe1 34. Rxf7+ Kg8 35. Rg7+ Kh8 36. Rh7+ Kxh7 37. Qf7+ Kh8 38. Qf6+ Kh7 39. Qf7+ Kh8 40. Qf6+ Kh7 41. Qf7+ $11) 34. Kh3 $2 (34. Qf2 Rb4 35. Re3) 34... Nd7 (34... Qxc5 {gets mated.} 35. Rxf7+ Kg8 36. Qf6) 35. Rxc6 Qe5 ({Less strong is} 35... Nxc5 36. Qf6+ (36. Nxd5 $2 {perishes.} Qd7+ 37. Kh2 Rxd5 $19) 36... Qxf6 37. gxf6+ Kh6 38. Rxc5 $14) (35... Qe1 $142 36. Nb5 Ne5 37. Qg2 Nxc6 38. Nxd4 Nxd4 39. Qg1 Qe6+ 40. Kh2 Ne2 41. Re3 Qxe3 42. Qxe3 Rxe3 43. c6 d4 44. Kg2 Nf4+ 45. Kf2 Re2+ 46. Kf3 {[#]} d3 $1 47. c7 d2 48. c8=Q d1=Q 49. Qc3+ Kh7 50. Qe3 Qd5+ 51. Qe4 Qxe4+ 52. Kg3 Qg2+ 53. Kxf4 Qg4#) 36. a3 Rd2 {aiming for ...Qe1.} 37. b4 h4 38. Kxh4 Rh8+ {Black mates.} 39. Kg4 Qd4+ 40. Ne4 Ne5+ {Weighted Error Value: White=1.04/Black=0.63} 0-1

[Event "Benidorm Open-B 2022"]
[Site "Benidorm"]
[Date "2022.12.06"]
[Round "4.9"]
[White "Aadith R"]
[Black "Spanton, Tim R"]
[Result "1-0"]
[ECO "C53"]
[WhiteElo "1714"]
[BlackElo "1771"]
[Annotator "NA RC COMBH"]
[PlyCount "161"]
[EventDate "2022.12.03"]
[EventType "swiss"]
[EventCountry "ESP"]
[SourceTitle "playchess.com"]
[Source "ChessBase"]
[SourceQuality "1"]
[TimeControl "5400+30"]

1. e4 e5 2. Nf3 Nc6 3. Bc4 Bc5 4. c3 Nf6 5. d3 a6 6. O-O Ba7 7. Bb3 d6 8. Nbd2 O-O 9. Re1 Be6 10. Nf1 Ne7 11. Bxe6 fxe6 12. Qb3 Qd7 13. Be3 Bxe3 14. Nxe3 Ng6 15. Rad1 Kh8 16. Nc2 c6 17. d4 exd4 18. Ncxd4 d5 19. e5 Ne4 20. Nxe6 Qxe6 21. Rxe4 Qf5 22. Re2 Nf4 23. Re3 Nxg2 24. Kxg2 Qg4+ 25. Kh1 Rxf3 26. Qxb7 Raf8 27. Rg1 R3f7 28. Qxf7 Qxg1+ 29. Kxg1 Rxf7 30. Kg2 g5 31. Rf3 Re7 32. Rf5 h6 33. Rf6 Rxe5 34. Rxh6+ Kg7 35. Rxc6 Re2 36. Rb6 a5 37. Rb5 Kf6 38. Rxd5 Rxb2 39. Rxa5 Rc2 40. Ra3 Ke5 41. Kg3 Ke4 42. f3+ Kf5 43. Ra8 Rxc3 44. a4 Ra3 45. a5 g4 46. Rf8+ Kg5 47. Rg8+ Kf5 48. Rxg4 Rxa5 49. h4 Ra1 50. h5 Rh1 51. Rh4 Rg1+ 52. Kh2 Rg7 53. Kh3 Rh7 54. Kg3 Rh6 55. Ra4 Rb6 56. Ra5+ Kf6 57. Kg4 Rb4+ 58. f4 Rb1 59. Ra6+ Kg7 60. Rg6+ Kf7 61. Kg5 Rg1+ 62. Kf5 Rh1 63. Rf6+ Kg7 64. h6+ Kh7 65. Rd6 Rf1 66. Re6 Rf2 67. Kg5 Rg2+ 68. Kf5 Rf2 69. Ke5 Re2+ 70. Kf6 Rf2 71. f5 Kxh6 72. Ke7+ Kg7 73. f6+ Kg8 74. Re5 Rf1 75. Rg5+ Kh7 76. Kf7 Kh6 77. Rg8 Kh7 78. Rg2 Kh6 79. Rh2+ Kg5 80. Kg7 Kf5 81. f7 1-0

[Event "Benidorm Open-B 2022"]
[Site "Benidorm"]
[Date "2022.12.06"]
[Round "4.10"]
[White "Place, Nicholas"]
[Black "Stokes, Paul C"]
[Result "0-1"]
[ECO "B12"]
[WhiteElo "1967"]
[BlackElo "1791"]
[Annotator "TA"]
[PlyCount "100"]
[EventDate "2022.12.03"]
[EventType "swiss"]
[EventCountry "ESP"]
[SourceTitle "playchess.com"]
[Source "ChessBase"]
[SourceQuality "1"]
[TimeControl "5400+30"]

1. e4 c6 2. d4 d5 3. f3 dxe4 4. fxe4 e5 5. Nf3 Bg4 6. Bc4 Nd7 7. O-O {[%cal Oc4f7] B12: Caro-Kann: Advance Variation.} (7. dxe5 Bxf3 8. Qxf3 Nxe5 $15) (7. c3 $5 ) 7... Ngf6 $1 8. c3 {Qb3 is the strong threat.} Bd6 9. Be3 {The position is equal.} O-O 10. Nbd2 Qc7 11. h3 Bh5 12. Qc2 b5 13. Bd3 a6 14. a4 Bg6 15. Nh4 (15. axb5 {seems wilder.} axb5 16. Nh4 exd4 17. cxd4 Bh2+ 18. Kh1) 15... Rfe8 16. Nf5 {[#]} Bxf5 $146 ({Predecessor:} 16... Bf8 17. Rae1 Rad8 18. Qd1 Nc5 19. Bc2 Nxa4 20. Bxa4 bxa4 21. Qxa4 exd4 22. Bxd4 c5 23. Bxf6 gxf6 {1-0 (48) Pace,P (2266)-Miracola,M (2118) Milan 2012}) 17. Rxf5 c5 18. dxe5 (18. axb5 $11 cxd4 19. cxd4 Qxc2 20. Bxc2 axb5 21. Rxa8 Rxa8 22. dxe5 Nxe5 23. Kf2) 18... Nxe5 $15 19. axb5 (19. Be2 $15) 19... c4 $17 20. Be2 axb5 21. Raf1 (21. Rd1 $142) 21... Ra2 (21... Bc5 $17 22. Bxc5 Qxc5+ 23. Kh2 Qb6) 22. Nf3 ({White should try} 22. Kh1 $15) 22... Nfd7 {Black is more active.} ({Black should play} 22... Ned7 $17 {Hoping for ...g6.} 23. e5 Nxe5) 23. Nd4 Qb7 24. Rg5 (24. Nf3 $142) 24... Be7 25. Rg3 Bh4 ({Better is} 25... g6 $17 {aiming for ...Bh4.} 26. Nf5 Bf8) 26. Rxg7+ $1 $11 Kxg7 27. Nf5+ Kg8 (27... Kh8 $5 28. Nxh4 f6 $15) 28. Nxh4 Rea8 29. Nf5 Ra1 30. Bc1 (30. Bd1 $11) 30... Qb6+ (30... Kh8 $15 {deserves consideration.}) 31. Kh1 Qa6 32. Qd2 {Threatens to win with Qg5+.} Nf8 $2 (32... Kh8 $1 $11 {and Black has nothing to worry.}) 33. Qg5+ $18 Neg6 $2 (33... Nfg6 34. Qh6 Qf6) 34. Nh6+ {[%mdl 64] [#] Discovered Attack, Deflection} Kh8 (34... Kg7 $142 35. Rxf7+ Kh8) 35. Nxf7+ Kg8 36. Nh6+ Kh8 37. Be3 {Intending Bd4+ and mate.} Rxf1+ 38. Bxf1 {This pair of bishops is nice.} Ne6 39. Qf6+ (39. Qd5 {Bd4+ would kill now.} Re8 40. Qd7) 39... Ng7 40. Nf7+ (40. Qf7 $18 {[%cal Of7g8] Threatening mate with Qg8+!} Qe6 41. Qb7) 40... Kg8 $16 {[#]} 41. Nd6 $2 {[%mdl 8192] Now White is beyond hope.} (41. Qf2 $1 $16 {is forced if you want to stay better.}) 41... Rf8 $19 {[%mdl 64] Deflection. The board is on fire.} 42. Qd4 (42. Bxc4+ bxc4 43. Qd4) 42... Rxf1+ {Black is clearly winning.} 43. Kh2 Qc6 ({And not} 43... Ne6 44. Qd5 Ngf8 45. Nf5 $15) 44. Bh6 Ne6 45. Qd2 Qc5 46. Nf5 Qc7+ 47. g3 Qd8 {White must now prevent ...Qxd2+.} 48. Nd6 Qb6 49. Be3 {Prevents Qg1+.} Qc6 50. Kg2 {Against Rf3} Rf8 {Weighted Error Value: White=0.72/Black=0.43} 0-1